 Dungeon Crawl Stone Soup version 0.27-a0-1188-g73eefd5def (webtiles) character file.

Game seed: 7171853011096490670

201 Delamore the Shield-Bearer (level 5, -2/34 HPs)
             Began as a Gargoyle Fighter on May 21, 2021.
             Slain by an ogre
             ... wielding a +0 giant spiked club
              (16 damage)
             ... on level 4 of the Dungeon.
             The game lasted 00:03:07 (3205 turns).

Delamore the Shield-Bearer (Gargoyle Fighter)       Turns: 3205, Time: 00:03:08

Health: -2/34      AC: 16    Str: 21    XL:     5   Next: 79%
Magic:  5/5        EV:  7    Int:  8    God:
Gold:   18         SH:  9    Dex:  9    Spells: 4/4 levels left

rFire    . . .     SeeInvis .   l - +2 mace (vorpal)
rCold    . . .     Faith    .   c - +0 kite shield
rNeg     + . .     Spirit   .   b - +0 scale mail
rPois    ∞         Reflect  .   s - +0 helmet
rElec    +         Harm     .   y - +2 cloak {Will+}
rCorr    .         Rampage  .   q - +0 pair of gloves
Will     +....                  (no boots)
Stlth    ..........             (no amulet)
HPRegen  0.11/turn              (no ring)
MPRegen  0.09/turn              (no ring)

@: no status effects
A: sickness immunity, AC +4, negative energy resistance 1, electricity
resistance, torment resistance 1, petrification resistance
a: no special abilities


You were on level 4 of the Dungeon.
You visited 1 branch of the dungeon, and saw 4 of its levels.

You collected 186 gold pieces.
You spent 168 gold pieces at shops.

Inventory:

Hand Weapons
 a - a +0 flail
 l - a +2 vorpal mace (weapon)
 w - a +0 vorpal morningstar
Missiles
 e - 4 boomerangs (quivered)
Armour
 b - a +0 scale mail (worn)
 c - a +0 kite shield (worn)
 q - a +0 pair of gloves (worn)
 s - a +0 helmet (worn)
 y - a +2 cloak of willpower (worn)
Scrolls
 g - a scroll of teleportation
 i - a scroll of enchant weapon
 j - 2 scrolls of fear
 m - a scroll of enchant armour {unknown}
 o - a scroll of amnesia
 t - a scroll of noise
Potions
 d - a potion of might
 f - a potion of attraction {unknown}
 h - a potion of lignification {unknown}
 k - a potion of brilliance {unknown}
 n - a potion of berserk rage {unknown}
 p - 2 potions of resistance {unknown}
 u - a potion of flight {unknown}
 v - 2 potions of mutation {unknown}
 x - 2 potions of curing {unknown}


   Skills:
 + Level 4.7 Fighting
 + Level 3.7 Maces & Flails
 - Level 3.2 Armour
 + Level 4.7 Shields


You had 4 spell levels left.
You didn't know any spells.
Your spell library was empty.

Dungeon Overview and Level Annotations

Branches:
Dungeon (4/15)
 Temple: D:4-7

Altars:
Kikubaaqudgha
Zin

Shops:
D:3 =(


Innate Abilities, Weirdness & Mutations

You are immune to sickness and miasma.
Your stone body is resilient. (AC +4)
You are immune to poison.
You resist negative energy. (rN+)
You are resistant to electric shocks. (rElec)
You are resistant to unholy torment.
You are immune to petrification.


Message History

You open the door.
An ogre comes into view. It is wielding a +0 giant spiked club.
The ogre shouts!
You hear a shout!
An ogre is nearby!
An ogre is nearby!
An ogre is nearby!
You throw a boomerang.
The boomerang hits the ogre but does no damage.
You throw a boomerang. The boomerang hits the ogre.
The ogre is lightly wounded.
An orc comes into view. It is wielding a +0 falchion.
You throw a boomerang. The orc shouts!
The boomerang hits the orc.
The orc is severely wounded.
You hear an angry hiss.
You throw a boomerang.
The boomerang completely misses the ogre.
There are monsters nearby!
There are monsters nearby!
You hit the ogre but do no damage.
The ogre is lightly wounded.
You block the ogre's attack.
Your scale mail prevents you from hitting the ogre.
The ogre is lightly wounded.
You block the ogre's attack.
You hit the ogre.
The ogre is moderately wounded.
The ogre barely misses you.
You hit the ogre.
The ogre is heavily wounded.
The ogre closely misses you.
You hit the ogre but do no damage.
The ogre is moderately wounded.
The ogre hits you with a +0 giant spiked club!!
Ouch! That really hurt!
You hit the ogre.
The ogre is heavily wounded.
The ogre hits you with a +0 giant spiked club!
You die...

.... §.§§. ≈≈...
§..... ..o...###
#### §≈≈§O.'.#
#..# #o# #..#
#O# #..# #@#
#..# #.# #..#
#.#######..#
#.#...<##..#
##.'........#
#..#........###
##'####.##....##
#..# #.##..#..#
#### ########.#


You could see an ogre and an orc.

Vanquished Creatures
  A water moccasin skeleton (D:3)
  A hound (D:3)
  Crazy Yiuf (D:4)
  2 adders (D:2)
  A worm (D:2)
  A dart slug (D:2)
  7 endoplasms
  6 giant cockroaches
  5 goblins
  4 hobgoblins
  4 jackals
  5 ball pythons
  7 bats
  6 frilled lizards
  10 kobolds
  7 rats
68 creatures vanquished.

Vanquished Creatures (others)
  8 fungi (D:2)
  5 plants (D:2)
  5 toadstools (D:2)
18 creatures vanquished.

Grand Total: 86 creatures vanquished

Notes
Turn   | Place    | Note
-------+----------+-------------------------------------------
     0 | D:1      | Delamore the Gargoyle Fighter began the quest for the Orb.
     0 | D:1      | Reached XP level 1. HP: 14/14 MP: 1/1
   225 | D:1      | Reached XP level 2. HP: 18/19 MP: 2/2
   462 | D:1      | Found a faded altar of an unknown god.
   884 | D:2      | Reached XP level 3. HP: 18/24 MP: 3/3
  1446 | D:2      | You fall into a shaft and drop 1 floor!
  1472 | D:3      | Reached XP level 4. HP: 29/29 MP: 4/4
  1513 | D:2      | Found an ancient bone altar of Kikubaaqudgha.
  2307 | D:3      | Found Naqasen's Antique Weapon Shop.
  2323 | D:3      | Bought a runed morningstar for 168 gold pieces
  2411 | D:3      | Found Iruwephu's Jewellery Emporium.
  2420 | D:3      | Reached XP level 5. HP: 34/34 MP: 5/5
  2629 | D:3      | Found a glowing silver altar of Zin.
  3016 | D:4      | Found a runed translucent door.
  3017 | D:4      | Noticed Crazy Yiuf
  3029 | D:4      | Killed Crazy Yiuf
  3193 | D:4      | Noticed an ogre
  3205 | D:4      | Slain by an ogre

Illustrated notes

Levels and vault maps discovered:
D:1:      minmay_arrival_checkered_box, layout_basic,
          shapermc_ecumenical_altar_venn
D:2:      layout_loops_ring, basic_altar, minmay_misc_feat_cross,
          minmay_gold_behind_fungi, lexackson_kobold_supper
D:3:      layout_loops_ring, zin_statuary, serial_shops, shop,
          nicolae_shop_temple_entry_statues_fountains,
          kennysheep_big_empty_room, minmay_puff
D:4:      layout_gridville, lemuel_doored_altar,
          minmay_temple_entry_enclosed_plants, kennysheep_generic_room_16,
          uniq_crazy_yiuf_cottage, uniq_ijyb, uniq_sigmund

Skill      XL: |  1  2  3  4 |
---------------+-------------+-----
Fighting       | 4 |  4.7
Shields        | 4 |  4.7
Maces & Flails | 3 |  3.7
Armour         | |  3.2

Action                   |  1- 3 |  4- 6 || total
-------------------------+-------+-------++-------
Melee: Flail             |    79 |    65 ||   144
       Morningstar       |       |    39 ||    39
       Mace              |       |    15 ||    15
Throw: Boomerang         |     7 |     4 ||    11
  Use: Scroll            |       |     5 ||     5
Armor: Scale mail        |    37 |    67 ||   104
Dodge: Dodged            |    16 |    45 ||    61
Block: Kite shield       |    32 |    67 ||    99

Table legend: (Time is in decaauts)
 A = Elapsed time spent in this place.
 B = Non-inter-level travel time spent in this place.
 C = Inter-level travel time spent in this place.
 D = Time resting spent in this place.
 E = Time spent auto-exploring this place.
 F = Levels seen in this place.
 G = Mean time per level.
                   A        B        C        D        E       F      G
               +--------+--------+--------+--------+--------+-----+--------+
         Total |   3308 |   3158 |    150 |      0 |   2591 |   4 |  827.0 |
       Dungeon |   3308 |   3158 |    150 |      0 |   2591 |   4 |  827.0 |
               +--------+--------+--------+--------+--------+-----+--------+

Top non-repeatable levels by time:
     D:2: 1150 daAuts
     D:3: 1043 daAuts
     D:1: 892 daAuts
     D:4: 222 daAuts
